 Dungeon Crawl Stone Soup version 0.30.1-11-g7821555f0a (webtiles) character file.

Game seed: 4930633917763983208

9376 alzyx the Cleaver (level 11, -6/95 HPs)
             Began as a Hill Orc Fighter on Nov 14, 2023.
             Was a High Priest of Okawaru.
             Mangled by a boulder beetle (40 damage)
             ... on level 1 of the Lair of Beasts.
             The game lasted 00:44:47 (10339 turns).

alzyx the Cleaver (Hill Orc Fighter)               Turns: 10339, Time: 00:44:48

Health: -6/95      AC: 15    Str: 22    XL:     11   Next: 45%
Magic:  13/13      EV: 18    Int:  8    God:    Okawaru [*****.]
Gold:   423        SH:  6    Dex: 18    Spells: 10/10 levels left

rFire   + . .        N - +5 long sword
rCold   + . .        X - +0 buckler
rNeg    . . .        u - quicksilver dragon scales
rPois   .            g - +0 helmet
rElec   .            h - scarf {rC+ rF+}
rCorr   .            Y - +0 pair of gloves
SInv    .            Z - +0 pair of boots
Will    +....        (no amulet)
Stlth   +            l - +6 ring of dexterity
HPRegen 0.35/turn    m - +5 ring of evasion
MPRegen 0.13/turn

%: no passive effects
@: no status effects
A: no striking features
a: Renounce Religion, Heroism, Finesse, Duel


You were on level 1 of the Lair of Beasts.
You worshipped Okawaru.
Okawaru was extremely pleased with you.
You visited 3 branches of the dungeon, and saw 11 of its levels.

You collected 597 gold pieces.
You spent 174 gold pieces at shops.

Inventory:

Hand Weapons
 c - a +4 flail
 y - the +8 spear of Hiramem {flame, rC- rCorr Str+3}
   (You found it on level 9 of the Dungeon)

   Str:       It affects your strength (+3).
   rC:        It makes you vulnerable to cold.
   rCorr:     It protects you from acid and corrosion.
 N - a +5 long sword (weapon)
 O - the +2 sling of Turrag Qod {flame, rF+ Dex+3 Stlth-}
   (You found it on level 7 of the Dungeon)

   Dex:       It affects your dexterity (+3).
   rF:        It protects you from fire.
   Stlth:     It makes you less stealthy.
 Q - a +4 mace
Missiles
 s - 5 curare-tipped darts (quivered)
 v - 3 poisoned darts
Armour
 g - a +0 helmet (worn)
 h - a scarf of resistance (worn)
 u - quicksilver dragon scales (worn)
 U - a +1 robe of cold resistance
 X - a +0 buckler (worn)
 Y - a +0 pair of gloves (worn)
 Z - a +0 pair of boots (worn)
Jewellery
 l - a +6 ring of dexterity (left hand)
 m - a +5 ring of evasion (right hand)
 w - a +6 ring of dexterity
 F - a ring of see invisible
 L - a +5 ring of evasion
 R - a +6 ring of dexterity
 S - an amulet of faith
 T - a ring of willpower
Wands
 a - a wand of acid (8)
 e - a wand of mindburst (5)
 p - a wand of flame (13)
 G - a wand of charming (12)
 P - a wand of polymorph (5)
 W - a wand of digging (1)
Scrolls
 j - a scroll of magic mapping {unknown}
 n - a scroll of enchant armour {unknown}
 o - a scroll of poison {unknown}
 q - 2 scrolls of enchant weapon {unknown}
 r - 2 scrolls of noise {unknown}
 t - 2 scrolls of butterflies {unknown}
 A - 2 scrolls of vulnerability {unknown}
 B - a scroll of fog {unknown}
 C - 2 scrolls of immolation {unknown}
 D - 4 scrolls of amnesia {unknown}
 H - 4 scrolls of teleportation {unknown}
 V - a scroll of silence {unknown}
Potions
 b - a potion of heal wounds
 d - 3 potions of might
 f - 3 potions of lignification
 i - 3 potions of resistance
 k - a potion of curing
 x - a potion of haste
 z - 3 potions of flight
 I - 2 potions of berserk rage
 J - 2 potions of brilliance
 K - a potion of invisibility
 M - a potion of ambrosia {unknown}


   Skills:
 + Level 8.6 Fighting
 + Level 1.3(5.0) Short Blades
 + Level 8.5(8.6) Long Blades
 + Level 8.7(8.8) Axes
 + Level 1.0(4.6) Maces & Flails
 * Level 6.7 Ranged Weapons
 + Level 0.1 Throwing
 + Level 6.7 Armour
 + Level 4.6 Dodging
 + Level 1.3 Stealth
 + Level 7.1 Shields
 * Level 3.6 Invocations


You had 10 spell levels left.
You didn't know any spells.
Your spell library contained the following spells:

 Spells                   Type           Power      Damage    Failure   Level
 Apportation              Tloc           0%         N/A       61%         1
 Necrotise                Necr           0%         1d4       61%         1
 Lesser Beckoning         Tloc           0%         N/A       75%         2
 Poisonous Vapours        Pois/Air       0%         N/A       75%         2
 Scorch                   Fire           0%         2d5       75%         2
 Gell's Gravitas          Tloc           0%         N/A       93%         3
 Mephitic Cloud           Conj/Pois/Air  0%         N/A       93%         3
 Portal Projectile        Hex/Tloc       0%         N/A       93%         3
 Teleport Other           Tloc           0%         N/A       93%         3
 Vhi's Electric Charge    Tloc/Air       0%         N/A       93%         3
 Anguish                  Hex/Necr       0%         N/A       100%        4
 Cause Fear               Hex            0%         N/A       100%        4
 Flame Wave               Conj/Fire      0%         2d4       100%        4
 Leda's Liquefaction      Hex/Erth       0%         N/A       100%        4
 Arcjolt                  Conj/Air       0%         1d10      100%        5
 Freezing Cloud           Conj/Ice/Air   0%         6-21      100%        5
 Enfeeble                 Hex            0%         N/A       100%        7
 Maxwell's Capacitive Co  Air            0%         ∞         100%        8
 Summon Small Mammal      Summ           Unusable   N/A       N/A         1
 Call Canine Familiar     Summ           Unusable   N/A       N/A         3
 Summon Cactus Giant      Summ           Unusable   N/A       N/A         6

Dungeon Overview and Level Annotations

Branches:
Dungeon (9/15)             Temple (1/1) D:7            Lair (1/5) D:9
    Orc: D:9-12

Altars:
Ashenzari
Cheibriados
Dithmenos
Elyvilon
Fedhas
Gozag
Hepliaklqana
Kikubaaqudgha
Makhleb
Nemelex Xobeh
Okawaru
Qazlal
Ru
Sif Muna
Trog
Uskayaw
Vehumet
Wu Jian
Xom
Zin
The Shining One

Shops:
D:8 [

Annotations:
Lair:1 exclusion: oklob plant


Message History

The boulder beetle bites you!
You hit the boulder beetle but do no damage.
The boulder beetle is lightly wounded.
The boulder beetle bites you!
* * * LOW HITPOINT WARNING * * *
You hit the boulder beetle but do no damage.
The boulder beetle is lightly wounded.
You block the boulder beetle's attack.
You hit the boulder beetle but do no damage.
The boulder beetle is lightly wounded.
The boulder beetle barely misses you.
You hit the boulder beetle but do no damage.
The boulder beetle is lightly wounded.
The boulder beetle closely misses you.
You hit the boulder beetle but do no damage.
The boulder beetle is lightly wounded.
The boulder beetle closely misses you.
You hit the boulder beetle but do no damage.
The boulder beetle is lightly wounded.
The boulder beetle barely misses you.
You hit the boulder beetle but do no damage.
The boulder beetle bites you but does no damage.
You hit the boulder beetle but do no damage.
The boulder beetle leaps!
An elephant comes into view.
The elephant trumpets!
You hear a trumpeting! x2
An elephant comes into view.
The elephant trumpets!
The boulder beetle curls into a ball and begins rolling!
An elephant comes into view. x2
The elephant trumpets!
An elephant comes into view.
The elephant trumpets! x2
The elephant tramples you but does no damage.
The elephant closely misses you. The elephant attacks as you move away!
The elephant misses you.
The elephant trunk-slaps you but does no damage.
The boulder beetle attacks as you move away!
The boulder beetle hits you!!!
You die...

#.........# ##[.......#
#........#
#........#####
#......Y.#.#.########
#........<†..........
##....................
#.>..Y................
##...Y...Y@...........
.........YB...........
...........°...........
...........°..>........
.........[..............
.............#####.#####
..............# ##
...........#
...........#


You could see a boulder beetle (rolling) and 5 elephants.

Vanquished Creatures
  A two-headed ogre (D:9)
  An elephant (Lair:1)
  Maggie (D:7)
  A cane toad (Lair:1)
  A komodo dragon (D:9)
  A troll (D:9)
  Prince Ribbit (D:7)
  9 yaks
  A basilisk (Lair:1)
  2 wyverns
  2 steam dragons (D:8)
  2 wargs (D:9)
  4 water moccasins
  3 ice beasts
  2 sky beasts (D:8)
  2 orc warriors (D:9)
  2 ogres
  3 black bears (D:6)
  6 wolves
  4 centaurs
  8 bullfrogs
  5 scorpions
  14 wights
  11 killer bees
  A howler monkey (D:7)
  An electric eel (D:9)
  A crimson imp (D:8)
  An orc priest (D:3)
  A hound (D:4)
  5 iguanas
  A sleepcap (D:2)
  10 orc wizards
  6 adders
  A shadow imp (D:6)
  2 white imps
  2 ufetubi
  2 worms
  3 dart slugs
  23 orcs
  4 ball pythons
  7 endoplasms
  2 giant cockroaches
  5 goblins
  6 hobgoblins
  3 quokkas
  8 bats
  A frilled lizard (D:2)
  9 kobolds
  2 rats
194 creatures vanquished.

Notes
Turn   | Place    | Note
-------+----------+-------------------------------------------
     0 | D:1      | alzyx the Hill Orc Fighter began the quest for the Orb.
     0 | D:1      | Reached XP level 1. HP: 19/19 MP: 1/1
   184 | D:1      | Reached XP level 2. HP: 27/27 MP: 2/2
   587 | D:1      | Reached XP level 3. HP: 28/33 MP: 3/3
  1207 | D:2      | Reached skill level 1 in Short Blades
  1207 | D:2      | Reached XP level 4. HP: 22/41 MP: 4/4
  2111 | D:3      | Found a glowing silver altar of Zin.
  2316 | D:3      | Reached XP level 5. HP: 38/47 MP: 5/5
  2411 | D:3      | Reached skill level 5 in Axes
  2458 | D:3      | Noticed an ogre
  2469 | D:3      | Killed an ogre
  2470 | D:3      | Reached XP level 6. HP: 55/55 MP: 6/6
  2609 | D:3      | Reached skill level 5 in Fighting
  3486 | D:5      | Entered Level 5 of the Dungeon
  3500 | D:5      | Reached skill level 1 in Dodging
  3500 | D:5      | Reached XP level 7. HP: 44/61 MP: 7/7
  3639 | D:5      | Reached skill level 1 in Ranged Weapons
  3891 | D:5      | Found a blossoming altar of Fedhas.
  4193 | D:6      | Reached skill level 5 in Armour
  4193 | D:6      | Reached XP level 8. HP: 69/69 MP: 8/8
  4730 | D:7      | Found a staircase to the Ecumenical Temple.
  4982 | Temple   | Entered the Ecumenical Temple
  5284 | Temple   | Became a worshipper of Warmaster Okawaru
  5456 | D:7      | Reached XP level 9. HP: 46/78 MP: 9/9
  5559 | D:7      | Reached skill level 5 in Shields
  5564 | D:7      | Noticed Prince Ribbit
  5575 | D:7      | Killed Prince Ribbit
  5581 | D:7      | Identified the +2 sling of Turrag Qod {flame, rF+ Dex+3
                  | Stlth-}
  5630 | D:7      | Noticed Maggie
  5657 | D:7      | Killed Maggie
  5657 | D:7      | Reached * piety under Okawaru
  5658 | D:7      | Reached skill level 1 in Long Blades
  5658 | D:7      | Reached skill level 1 in Maces & Flails
  6316 | D:7      | Found a snail-covered altar of Cheibriados.
  6637 | D:8      | Reached skill level 1 in Stealth
  6651 | D:8      | Reached ** piety under Okawaru
  6652 | D:8      | Reached skill level 5 in Ranged Weapons
  6721 | D:8      | Reached XP level 10. HP: 58/86 MP: 10/10
  6726 | D:8      | Reached skill level 5 in Long Blades
  7031 | D:8      | Reached *** piety under Okawaru
  7375 | D:8      | Found a shimmering altar of Xom.
  7375 | D:8      | Found a burning altar of Makhleb.
  7540 | D:8      | Found Zetzid's Armour Shop.
  7548 | D:8      | Bought a +0 buckler for 58 gold pieces
  7548 | D:8      | Bought a +0 pair of gloves for 58 gold pieces
  7548 | D:8      | Bought a +0 pair of boots for 58 gold pieces
  7822 | D:9      | Found a staircase to the Lair.
  8066 | D:9      | Reached **** piety under Okawaru
  8195 | D:9      | Noticed a two-headed ogre
  8212 | D:9      | Killed a two-headed ogre
  8374 | D:9      | Reached skill level 1 in Invocations
  8450 | D:9      | Found a hide-covered altar of Uskayaw.
  8478 | D:9      | Identified the +8 spear of Hiramem {flame, rC- rCorr Str+3}
  8589 | D:9      | Reached XP level 11. HP: 91/95 MP: 10/12
  8822 | D:9      | Reached ***** piety under Okawaru
  8960 | D:9      | Received a gift from Okawaru
  9053 | D:9      | Found a shadowy altar of Dithmenos.
  9066 | D:9      | Found a stormy altar of Qazlal.
  9253 | Lair:1   | Entered Level 1 of the Lair of Beasts
  9568 | Lair:1   | Identified the +0 plate armour of Tosk {Dex+4}
  9571 | Lair:1   | Noticed an oklob plant
 10274 | Lair:1   | Noticed a boulder beetle
 10339 | Lair:1   | Mangled by a boulder beetle

Illustrated notes

Levels and vault maps discovered:
D:1:      dpeg_arrival_arbitrary_a, layout_basic
D:2:      layout_basic
D:3:      minmay_skewed_foursquare, layout_basic, lemuel_tele_altar
D:4:      layout_basic
D:5:      layout_rooms, mainiacjoe_overflow_24_doors, kennysheep_small_spiral
D:6:      layout_basic, minivault_22, item_on_display_a
D:7:      layout_basic, marbit_many_paths, minmay_temple_entry_large_hall,
          uniq_maggie, uniq_prince_ribbit1
D:8:      layout_loops_ring, grunt_temple_overflow_champion_of_chaos,
          serial_shops, nicolae_shop_tiny_waterfront
D:9:      wad_crossroads, layout_irregular_city, eat_drink_and_be_merry_uskayaw,
          nicolae_overflow_squiral, erik_lair_orcish_takeover,
          hangedman_abyss_or_decor_stabs, feat_on_display
Temple:   oiseaux_autumnal_temple
Lair:1:   layout_big_grid, minmay_lair_oklob_bushes, uniq_erica, uniq_amaemon,
          uniq_gastronok

Skill      XL: |  1  2  3  4  5  6  7  8  9 10 11 |
---------------+----------------------------------+-----
Fighting       | 4 5 6 7 8 |  8.6
Short Blades   | 1 |  1.3
Axes           | 4 6 7 8 |  8.7
Armour         | 4 5 6 |  6.7
Dodging        | 1 2 3 4 |  4.6
Ranged Weapons | 2 3 5 6 |  6.7
Shields        | 4 6 7 |  7.1
Long Blades    | 4 7 8 |  8.5
Maces & Flails | 1 |  1.0
Stealth        | 1 |  1.3
Invocations    | 1 3 |  3.6
Throwing       | |  0.1

Action                     |  1- 3 |  4- 6 |  7- 9 | 10-12 || total
---------------------------+-------+-------+-------+-------++-------
  Melee: War axe           |    13 |   106 |   128 |       ||   247
         Dagger            |   135 |    13 |       |       ||   148
         Hand axe          |       |    40 |    41 |       ||    81
         Morningstar       |       |       |     9 |       ||     9
         Long sword        |       |       |   117 |   366 ||   483
         Great sword       |       |       |       |     6 ||     6
   Fire: Sling             |       |       |    14 |     8 ||    22
  Throw: Dart              |       |     1 |     2 |       ||     3
  Evoke: Wand              |       |     1 |     1 |       ||     2
    Use: Scroll            |       |     6 |     3 |     1 ||    10
         Potion            |       |       |     6 |     2 ||     8
 Armour: Scale mail        |    46 |     1 |       |       ||    47
         Quicksilver drago |       |    32 |   121 |   191 ||   344
  Dodge: Dodged            |    49 |    75 |   319 |   454 ||   897
  Block: Buckler           |    21 |    33 |   106 |   147 ||   307
